 Dungeon Crawl Stone Soup version 0.17-a0-1115-g0372368 (console) character file.

387 Monkaria the Ruffian (level 6, -4/52 HPs)
             Began as a Demonspawn Chaos Knight on May 23, 2015.
             Slain by a mummy (13 damage)
             ... in an ossuary.
             The game lasted 00:06:56 (2750 turns).

Monkaria the Ruffian (Demonspawn Chaos Knight)      Turns: 2750, Time: 00:06:56

Health: -4/52      AC:  6    Str: 14    XL:     6   Next: 49%
Magic:  6/6        EV: 11    Int: 14    God:    Xom [*.....]
Gold:   94         SH:  0    Dex: 12    Spells: 0 memorised, 5 levels left

rFire  + . .     SeeInvis .     a - +0 falchion (chaos)
rCold  + . .     Clarity  .     b - +3 leather armour
rNeg   . . .     SustAt   +     (no shield)
rPois  +         Gourm    .     (helmet restricted)
rElec  +         Spirit   .     (no cloak)
rCorr  +         Warding  .     (no gloves)
rMut   .         Stasis   .     (no boots)
MR     .....                    (no amulet)
Stlth  +.........               (no ring)
                                l - ring of sustain attributes

@: resistant, not resistant to hostile enchantments, very unstealthy
A: horns 2, powered by death 1, robust 1
a: Renounce Religion


You were in an ossuary.
You worshipped Xom.
You were a special plaything of Xom.
You were very hungry.

You visited 1 branch of the dungeon, and saw 4 of its levels.
You also visited: Ossuary.

You collected 94 gold pieces.

Inventory:

Hand weapons
 a - a +0 falchion of chaos (weapon)
Missiles
 v - 17 poisoned needles
Armour
 b - a +3 leather armour (worn)
Jewellery
 l - a ring of sustain attributes (left hand)
Scrolls
 e - a scroll of remove curse
 f - 3 scrolls of blinking
 g - 2 scrolls of teleportation
 h - a scroll of enchant armour
 n - 2 scrolls of magic mapping
 s - a scroll of amnesia {unknown}
 t - a scroll of random uselessness {unknown}
Potions
 q - a potion of magic
 r - a potion of brilliance {unknown}
 u - a potion of resistance
 x - a potion of lignification {unknown}
Comestibles
 c - 3 bread rations
 d - a slice of pizza
 p - a beef jerky


   Skills:
 - Level 4.1 Fighting
 - Level 3.1 Long Blades
 - Level 1.7 Armour
 - Level 0.8 Dodging
 + Level 5.1 Unarmed Combat


You had 5 spell levels left.
You didn't know any spells.

Dungeon Overview and Level Annotations

Branches:
Dungeon (4/15)
 Temple: D:4-7

Altars:
Cheibriados
Gozag
Nemelex Xobeh
Vehumet
Xom


Innate Abilities, Weirdness & Mutations

You have a pair of horns on your head.
You can steal the life force of nearby defeated enemies.
You are robust (+10% HP).


Message History

You avoid triggering a needle trap.
There is a needle trap here.
Something hits you!
You barely miss something. You miss something. Your headbutt misses something.
Something hits you.
You closely miss something. Something hits you but does no damage.
You hit something. You closely miss something.
Something hits you but does no damage.
You closely miss something. Something hits you!
You miss something. Something hits you!
* * * LOW HITPOINT WARNING * * *
You barely miss something.
Unknown command.
Drink which item? (? for menu, Esc to quit)
It was a potion of resistance.
You feel protected. Something hits you but does no damage.
Drink which item? (? for menu, Esc to quit)
It was a potion of curing.
You feel better. Something hits you!
You die...

#..^∩^..#
#...^...#
#^^^..^.#
##^...^##
+.^...+
#^(...#
+..(..+
#.{...#
+^@...+
#.^...#
+..^..+
#..^..#
+..^..+
#^.^..#
+.....+
#^^...#
+..^..+


There were no monsters in sight!

Vanquished Creatures
  An ogre (D:4)
  2 hounds (D:4)
  Jessica (D:2)
  Natasha (thrice) (D:2)
  5 mummies (Ossuary)
  4 adders
  An ooze (D:4)
  A worm (D:2)
  4 orcs (D:3)
  A ball python (D:1)
  7 bats
  7 hobgoblins
  12 jackals
  2 quokkas
  3 giant cockroaches
  2 giant newts
  A giant newt (shapeshifter) (D:3)
  3 goblins (D:3)
  7 kobolds
  6 rats
73 creatures vanquished.

Vanquished Creatures (others)
  An orc (D:3)
  5 butterflies (Ossuary)
6 creatures vanquished.

Grand Total: 79 creatures vanquished

Notes
Turn   | Place    | Note
--------------------------------------------------------------
     0 | D:1      | Monkaria the Demonspawn Chaos Knight began the quest for the Orb.
     0 | D:1      | Reached XP level 1. HP: 18/18 MP: 1/1
    99 | D:1      | Gained mutation: You can steal the life force of nearby defeated enemies. [demonic ancestry]
    99 | D:1      | Reached XP level 2. HP: 12/24 MP: 2/2
   588 | D:1      | Reached skill level 4 in Fighting
   810 | D:2      | Gained mutation: You have a pair of small horns on your head. [demonic ancestry]
   810 | D:2      | Reached XP level 3. HP: 21/30 MP: 3/3
   848 | D:2      | XOM: divination: magic mapping
   876 | D:2      | XOM: harmless Erth miscast
   968 | D:2      | Found a sparkling altar of Nemelex Xobeh.
   981 | D:2      | XOM: cast spell 'Spider Form'
  1010 | D:2      | Found a shimmering altar of Xom.
  1080 | D:2      | Reached skill level 1 in Unarmed Combat
  1102 | D:2      | XOM: harmless Ice miscast
  1135 | D:2      | Noticed Natasha
  1139 | D:2      | XOM: enchant monster (good)
  1145 | D:2      | Killed Natasha
  1145 | D:2      | Reached XP level 4. HP: 27/37 MP: 4/4
  1281 | D:2      | Noticed Jessica
  1283 | D:2      | Found a radiant altar of Vehumet.
  1291 | D:2      | Killed Jessica
  1512 | D:2      | Noticed Natasha
  1517 | D:2      | Killed Natasha
  1524 | D:2      | Noticed Natasha
  1529 | D:2      | Killed Natasha
  1689 | D:3      | Reached XP level 5. HP: 42/42 MP: 5/5
  1756 | D:3      | XOM: divination: magic mapping
  1830 | D:3      | Gained mutation: You are robust (+10% HP). [mutagenic meat]
  1833 | D:3      | XOM: colour smoke trail
  2056 | D:3      | Found a snail-covered altar of Cheibriados.
  2185 | D:3      | XOM: vitrification
  2361 | D:4      | XOM: fake destruction
  2489 | D:4      | XOM: mild Necr miscast
  2494 | D:4      | Noticed an ogre
  2497 | D:4      | XOM: divination: magic mapping
  2499 | D:4      | XOM: enchant monster (good)
  2505 | D:4      | Killed an ogre
  2505 | D:4      | Gained mutation: You have a pair of horns on your head. [demonic ancestry]
  2505 | D:4      | Reached XP level 6. HP: 4/51 MP: 6/6
  2593 | D:4      | Found an opulent altar of Gozag.
  2654 | D:4      | Found a sand-covered staircase.
  2675 | Ossuary  | Entered an ossuary
  2686 | Ossuary  | XOM: butterfly on damage
  2690 | Ossuary  | XOM: enchant monster (good)
  2694 | Ossuary  | XOM: noise
  2713 | Ossuary  | Reached skill level 5 in Unarmed Combat
  2716 | Ossuary  | XOM: blink monster(s)
  2747 | Ossuary  | HP: 2/52 [something (14)]
  2750 | Ossuary  | Slain by a mummy

Vault maps used:
D:1:      lemuel_arrival_rhombus, minmay_surrounded
D:2:      vehumet_crystals, lemuel_round_altar,
          nemelex_xobeh_ov_fountains_minmay, first_bread, uniq_natasha,
          uniq_jessica
D:3:      lemuel_crystal_altar, kennysheep_nondescript, kennysheep_small_spiral,
          roderic_serpentine_path, serial_bayou_pond_a
D:4:      nicolae_gozag_seed_capital, enter_ossuary_1
Ossuary:  ossuary_the_hunt_dpeg

Action                   |  1- 3 |  4- 6 || total
-------------------------+-------+-------++-------
Melee: Falchion          |   118 |   143 ||   261
Throw: Tomahawk          |       |     6 ||     6
  Use: Scroll            |       |     9 ||     9
       Potion            |       |     3 ||     3
 Stab: Petrified         |       |     1 ||     1
       Paralysed         |       |     4 ||     4
       Held in net/web   |       |     1 ||     1
  Eat: Chunk             |     1 |     5 ||     6
